 Dungeon Crawl Stone Soup version 0.28.0-43-g3370ac3207 (webtiles) character file.

Game seed: 13826733853065994759

1797 H0rd4k the Thaumaturge (level 8, -6/41 HPs)
             Began as a Deep Elf Hedge Wizard on Mar 16, 2022.
             Was an Initiate of Gozag.
             Mangled by a two-headed ogre
             ... wielding a +0 halberd
              (11 damage)
             ... in a bailey.
             The game lasted 00:10:26 (8545 turns).

H0rd4k the Thaumaturge (Deep Elf Hedge Wizard)      Turns: 8545, Time: 00:10:27

Health: -6/41      AC:  2    Str:  7    XL:     8   Next: 83%
Magic:  20/24      EV: 13    Int: 22    God:    Gozag
Gold:   567        SH:  0    Dex: 14    Spells: 18/27 levels left

rFire   + . .      SeeInvis .   j - staff of fire
rCold   + . .      Faith    .   (no shield)
rNeg    . . .      Spirit   .   b - +0 robe
rPois   .          Reflect  .   c - +0 hat
rElec   .          Harm     .   (no cloak)
rCorr   .          Rampage  .   (no gloves)
Will    .....                   (no boots)
Stlth   ++........              u - amulet of magic regeneration
HPRegen 0.13/turn               r - ring of protection from cold
MPRegen 0.59/turn               s - ring of flight

@: flying
A: no striking features
a: Renounce Religion, Potion Petition, Call Merchant, Bribe Branch


You were in a bailey.
You worshipped Gozag.
Gozag was pleased with you.
You visited 2 branches of the dungeon, and saw 8 of its levels.
You also visited: Bailey.

You collected 608 gold pieces.
You paid 41 gold pieces to Gozag.

Inventory:

Hand Weapons
 a - a +0 dagger
Missiles
 x - a throwing net
Armour
 b - a +0 robe (worn)
 c - a +0 hat (worn)
Magical Staves
 j - a staff of fire (weapon)
Jewellery
 r - a ring of protection from cold (left hand)
 s - a ring of flight (right hand)
 u - an amulet of magic regeneration (around neck)
Wands
 w - a wand of acid (5)
Scrolls
 d - 2 scrolls of fog {unknown}
 e - 2 scrolls of identify {unknown}
 f - a scroll of teleportation {unknown}
 h - a scroll of fear {unknown}
 i - 3 scrolls of enchant armour {unknown}
 l - a scroll of enchant weapon {unknown}
 n - 2 scrolls of blinking {unknown}
 p - a scroll of amnesia {unknown}
 t - a scroll of immolation {unknown}
Potions
 g - 2 potions of heal wounds {unknown}
 k - a potion of berserk rage {unknown}
 m - a potion of magic {unknown}
 o - a potion of degeneration {unknown}
 q - 2 potions of brilliance {unknown}
 v - a potion of might {unknown}


   Skills:
 + Level 0.2 Fighting
 + Level 4.6 Dodging
 - Level 2.4 Stealth
 + Level 10.3 Spellcasting
 + Level 6.7 Conjurations
 + Level 1.7 Summonings
 + Level 1.2 Translocations
 + Level 2.1 Fire Magic
 + Level 2.0 Air Magic
 + Level 4.1 Poison Magic
 + Level 0.4 Evocations


You had 18 spell levels left.
You knew the following spells:

 Your Spells              Type           Power      Damage    Failure   Level
a - Magic Dart            Conj           100%       1d8       1%          1
b - Blink                 Tloc           32%        N/A       5%          2
c - Conjure Flame         Conj/Fire      46%        6-21      2%          3
d - Mephitic Cloud        Conj/Pois/Air  30%        N/A       3%          3

Your spell library contained the following spells:

 Spells                   Type           Power      Damage    Failure   Level
 Call Imp                 Summ           19%        N/A       4%          2
 Slow                     Hex            44%        N/A       6%          1


Dungeon Overview and Level Annotations

Branches:
Dungeon (7/15)             Temple (1/1) D:4          Bailey (1/1)

Altars:
Ashenzari
Cheibriados
Dithmenos
Elyvilon
Fedhas
Gozag
Nemelex Xobeh
Okawaru
Sif Muna
Uskayaw
Vehumet
Wu Jian
The Shining One

Annotations:
D:2 exclusion: 2 downstairs
D:5 2 runed translucent doors, Grinder, Menkaure
D:6 exclusion: upstairs


Message History

The ball explodes into a vile cloud!
The stinking cloud engulfs the two-headed ogre but does no damage.
You hear a roar!
You hear a shout! x2
The two-headed ogre is engulfed in noxious fumes.
The two-headed ogre barely misses you. The two-headed ogre closely misses you.
The spriggan is engulfed in noxious fumes.
The two-headed ogre is engulfed in noxious fumes.
The spriggan is engulfed in noxious fumes.
The spriggan appears confused.
Aiming: Corrosive Bolt
Press: ? - help, Shift-Dir - straight line, f - spriggan, p - two-headed ogre
Aim: a spriggan, wielding a +0 trident (noxious fumes, confused, 75% to hit)
The bolt of acid hits the two-headed ogre!
The acid corrodes the two-headed ogre!
The two-headed ogre is lightly wounded.
The bolt of acid hits the spriggan!
The acid corrodes the spriggan!
The spriggan is heavily wounded.
You hear a roar!
The spriggan is engulfed in noxious fumes.
The spriggan appears confused.
The two-headed ogre is engulfed in blazing flames.
The two-headed ogre closely misses you.
The two-headed ogre hits you from afar with a +0 glaive!
You hear a shout!
The two-headed ogre is engulfed in blazing flames.
Casting: Mephitic Cloud (dangerous; 3% risk of failure)
Confirm with . or Enter, or press ? or * to list all spells.
Aiming: Mephitic Cloud (dangerous; 3% risk of failure)
Press: ? - help, Shift-Dir - straight line, f - two-headed ogre
Aim: a two-headed ogre, wielding a +0 halberd and a +0 glaive (heavily wounded, covered in acid, chance to affect: 53%)
The ball explodes into a vile cloud!
The stinking cloud engulfs the two-headed ogre but does no damage.
The two-headed ogre is heavily wounded.
The two-headed ogre is engulfed in noxious fumes.
The two-headed ogre hits you from afar with a +0 halberd!!
Ouch! That really hurt!
* * * LOW HITPOINT WARNING * * *
The two-headed ogre hits you from afar with a +0 glaive!
You die...
Your body crumbles into a pile of gold.

.........##
...≈≈≈....##
####≈###♣..##
i. ♣♣○.## ..♣
##§.# . #○.#
#O○# #..# ♣@.#
♣..# #♣..#
##..## ..#
##..##
#..##♣####..##
#.........##
#.......##
##≈≈≈≈≈##


You could see a two-headed ogre (corroded).

Vanquished Creatures
  2 spriggans (Bailey)
  3 yaks (D:6)
  A black bear (D:6)
  A necrophage (D:4)
  3 ogres
  A kobold brigand (D:4)
  A water moccasin skeleton (D:4)
  2 hounds
  5 orc priests
  A jelly (D:6)
  2 orc wizards
  A howler monkey zombie (D:7)
  3 gnolls (D:4)
  8 adders
  A white imp (D:5)
  2 worms
  4 dart slugs
  22 orcs
  8 bats
  2 endoplasms
  4 giant cockroaches
  10 goblins
  6 hobgoblins
  2 jackals (D:4)
  2 quokkas
  4 ball pythons
  2 ball python zombies (D:2)
  2 frilled lizards
  A jackal skeleton (D:2)
  6 kobolds
  A quokka skeleton (D:4)
  5 rats
118 creatures vanquished.

Notes
Turn   | Place    | Note
-------+----------+-------------------------------------------
     0 | D:1      | H0rd4k the Deep Elf Hedge Wizard began the quest for the
                  | Orb.
     0 | D:1      | Reached XP level 1. HP: 10/10 MP: 7/7
   269 | D:1      | Reached skill level 5 in Spellcasting
   284 | D:1      | Reached XP level 2. HP: 9/15 MP: 1/10
   845 | D:1      | Found a faded altar of an unknown god.
  1452 | D:2      | Reached XP level 3. HP: 14/19 MP: 3/11
  1455 | D:2      | Learned a level 2 spell: Blink
  1459 | D:2      | Learned a level 3 spell: Conjure Flame
  1463 | D:2      | Learned a level 3 spell: Mephitic Cloud
  2632 | D:3      | Reached XP level 4. HP: 15/24 MP: 10/13
  2766 | D:3      | Reached skill level 6 in Spellcasting
  2766 | D:3      | Reached skill level 1 in Air Magic
  3596 | D:3      | Reached skill level 1 in Fire Magic
  4212 | D:3      | Reached XP level 5. HP: 21/28 MP: 11/15
  4762 | D:4      | Found a staircase to the Ecumenical Temple.
  4778 | Temple   | Entered the Ecumenical Temple
  4896 | Temple   | Became a worshipper of Gozag Ym Sagoz the Greedy
  4930 | D:4      | Reached skill level 1 in Poison Magic
  5318 | D:4      | Reached XP level 6. HP: 32/32 MP: 9/17
  5873 | D:4      | Reached skill level 7 in Spellcasting
  6184 | D:4      | Reached XP level 7. HP: 36/36 MP: 15/19
  6610 | D:5      | Entered Level 5 of the Dungeon
  6617 | D:5      | Noticed Grinder
  6676 | D:5      | Paralysed by something for 5 turns
  7085 | D:6      | Reached skill level 8 in Spellcasting
  7257 | D:6      | Noticed a yak
  7257 | D:6      | Noticed a yak
  7265 | D:6      | Noticed a yak
  7297 | D:6      | Killed a yak
  7486 | D:5      | Found a runed translucent gate.
  7487 | D:5      | Found a runed translucent gate.
  7489 | D:5      | Noticed Menkaure
  7540 | D:6      | Killed a yak
  7541 | D:6      | Reached skill level 9 in Spellcasting
  7541 | D:6      | Reached skill level 5 in Conjurations
  7541 | D:6      | Reached XP level 8. HP: 41/41 MP: 5/23
  8243 | D:7      | Found a flagged portal.
  8296 | Bailey   | Entered a bailey
  8335 | Bailey   | Reached skill level 10 in Spellcasting
  8533 | Bailey   | Noticed a two-headed ogre
  8545 | Bailey   | Mangled by a two-headed ogre

Illustrated notes

Levels and vault maps discovered:
D:1:      minmay_arrival_cross, layout_loops_cross, basic_ecumenical_altar,
          minmay_misc_feat_diagonals
D:2:      layout_loops_corners, serial_undead, serial_undead_d, serial_undead_e,
          serial_undead_a, serial_undead_b
D:3:      layout_rooms
D:4:      layout_basic, minmay_temple_entry_statues_pillars
D:5:      layout_gridville, gammafunk_ghost_split, minmay_checkerbox,
          uniq_menkaure, uniq_crazy_yiuf_cottage, uniq_grinder
D:6:      nicolae_BIG_FREAKIN_CUBE, layout_loops_cross
D:7:      layout_gridville, enter_bailey_5, st_stairs_2
Temple:   regret_index_temple_chain_breaker
Bailey:   bailey_polearm_enchanted_keep_hellmonk, bailey

Skill      XL: |  1  2  3  4  5  6  7  8 |
---------------+-------------------------+-----
Spellcasting   | 5 6 7 9 10 | 10.3
Dodging        | 3 4 |  4.6
Air Magic      | 1 2 |  2.0
Fire Magic     | 1 2 |  2.1
Conjurations   | 2 3 5 6 |  6.7
Poison Magic   | 1 3 4 |  4.1
Fighting       | |  0.2
Stealth        | |  2.4
Summonings     | |  1.7
Translocations | |  1.2
Evocations     | |  0.4

Action                   |  1- 3 |  4- 6 |  7- 9 || total
-------------------------+-------+-------+-------++-------
Melee: Dagger            |    14 |     1 |       ||    15
 Cast: Magic Dart        |   116 |   219 |   119 ||   454
       Mephitic Cloud    |       |     6 |    12 ||    18
       Blink             |       |     1 |       ||     1
       Conjure Flame     |       |     4 |    10 ||    14
Evoke: Wand              |       |       |     5 ||     5
Armor: Robe              |    11 |     7 |     1 ||    19
Dodge: Dodged            |    25 |    36 |    13 ||    74
